Map: Port Aleksander LE

Players

SpeCial

  • Race: Terran Terran
  • League: Master
  • Spawn Location: 5:00

Scarlett - Winner!

  • Race: Zerg Zerg
  • Spawn Location: 11:00

Event: 2019 WCS Winter Americas

VOD

Have the link to the VOD?

Description

Time

  • Played on: Feb. 14, 2019, 2:57 p.m.
  • Length: 33:47

All games in this series

Show
View Real Time Build Order
Export as new Build Order

SpeCial Terran 

Build Orders: Command Center First (CC), Liberator Opening, Mech 

Get SALT Encoding   

  12  0:00  SCV  
  13  0:12  SCV  
  14  0:17  Supply Depot  
  14  0:25  SCV  
  15  0:39  SCV  
  16  0:51  SCV  
  17  1:00  Command Center  
  17  1:03  SCV  
  18  1:14  Barracks  
  18  1:18  SCV  
  19  1:24  Refinery  
  19  1:30  SCV  
  20  1:33  Refinery  
  20  1:42  SCV  
  21  1:54  SCV  
  22  2:01  Marine  
  22  2:07  Orbital Command  
  23  2:12  Orbital Command  
  23  2:18  Factory  
  23  2:22  Barracks Reactor  
  23  2:33  SCV  
  24  2:38  SCV  
  25  2:45  SCV  
  25  2:50  SCV  
  27  2:57  SCV  
  28  3:02  SCV  
  29  3:07  Marine  
  29  3:09  Starport  
  29  3:10  Supply Depot  
  32  3:13  Hellion x2  
  32  3:15  SCV x2  
  35  3:27  SCV x2  
  35  3:29  Liberator  
  38  3:34  Hellion x2  
  38  3:39  SCV x2  
  38  3:40  Supply Depot  
  45  3:51  SCV  
  46  3:57  Supply Depot  
  46  4:01  SCV  
  46  4:02  Hellion x2  
  51  4:03  SCV, Barracks Tech Lab  
  51  4:07  Supply Depot  
  52  4:13  SCV  
  52  4:15  Armory, SCV  
  54  4:23  Supply Depot  
  58  4:24  Hellion x2  
  58  4:27  SCV  
  58  4:28  SCV  
  60  4:34  Supply Depot  
  60  4:39  Cloaking Field  
  60  4:40  SCV x2  
  60  4:41  Banshee  
  65  4:52  Hellion x2  
  69  4:59  Command Center  
  69  5:03  SCV x2  
  71  5:12  Refinery  
  71  5:13  Refinery  
  71  5:15  SCV, Hellion x2  
  74  5:23  Banshee  
  74  5:24  Supply Depot  
  77  5:30  SCV  
  77  5:31  Barracks Tech Lab  
  77  5:33  Factory  
  77  5:34  SCV  
  79  5:37  Factory  
  79  5:42  SCV  
  80  5:46  SCV, Terran Vehicle Weapons Level 1  
  81  5:51  Hellion x2  
  81  5:54  SCV  
  86  5:58  SCV  
  87  6:05  Barracks Reactor  
  87  6:06  SCV  
  87  6:10  SCV  
  89  6:12  Hellion x2  
  89  6:15  Orbital Command  
  92  6:18  SCV  
  92  6:23  SCV  
  91  6:30  SCV  
  86  6:34  Hellion x2  
  86  6:35  SCV  
  86  6:39  Liberator  
  57  6:40  Liberator  
  89  6:42  SCV, Orbital Command  
  89  6:47  SCV, Siege Tank x2  
  87  6:54  SCV  
  87  6:55  Hellion x2  
  87  7:00  SCV, Factory  
  87  7:01  Factory  
  99  7:07  SCV  
  100  7:12  SCV, Refinery  
  100  7:15  Refinery  
  101  7:16  Armory, Hellion x2  
  101  7:19  SCV  
  101  7:20  SCV  
  101  7:22  Supply Depot  
  107  7:24  SCV  
  107  7:27  Siege Tank  
  109  7:31  SCV  
  109  7:34  SCV  
  109  7:36  Supply Depot  
  109  7:43  Terran Vehicle Weapons Level 2, SCV x2  
  111  7:44  Siege Tank  
  111  7:45  Supply Depot x2  
  111  7:46  SCV  
  111  7:49  Hellion x2, Factory Reactor, Factory Tech Lab  
  116  7:55  SCV, Supply Depot  
  116  7:58  SCV  
  118  7:59  SCV  
  118  8:04  Siege Tank  
  114  8:07  SCV  
  114  8:10  Terran Vehicle And Ship Armor Level 1, SCV, Hellion  
  114  8:11  Viking x2  
  122  8:16  Hellion  
  124  8:20  Siege Tank  
  124  8:26  Siege Tank, Supply Depot  
  124  8:27  Supply Depot  
  130  8:29  Supply Depot  
  130  8:32  Hellion x3  
  136  8:37  Hellion  
  138  8:45  Viking x2  
  142  8:51  Siege Tank  
  142  8:53  Hellion x3  
  151  8:58  Hellion, Siege Tank x2  
  153  9:14  Hellion  
  153  9:15  Viking x2, Hellion x2  
  153  9:16  Infernal Pre-Igniter  
  157  9:20  Hellion  
  159  9:24  Supply Depot  
  159  9:25  Supply Depot  
  159  9:27  Command Center  
  159  9:31  Siege Tank  
  162  9:45  Viking x2, Siege Tank  
  164  9:47  Hellion x2  
  164  9:51  Hellion  
  167  9:58  Hellion x2  
  171  10:01  Supply Depot  
  171  10:02  Supply Depot  
  171  10:03  Siege Tank  
  174  10:09  Command Center  
  174  10:10  Hellion x2  
  174  10:12  Hellion  
  180  10:18  Hellion  
  180  10:19  Siege Tank  
  185  10:25  Terran Vehicle Weapons Level 3  
  185  10:27  Hellion  
  187  10:31  Hellion  
  187  10:32  Hellion  
  187  10:34  Hellion  
  187  10:35  Siege Tank  
  196  10:39  Siege Tank  
  199  10:48  Hellion  
  191  10:51  Siege Tank  
  191  10:53  Hellion  
  191  10:56  SCV x2  
  188  11:02  Hellion x2  
  190  11:07  Siege Tank  
  182  11:11  Siege Tank  
  168  11:19  SCV x2  
  168  11:22  Engineering Bay  
  168  11:23  Siege Tank  
  168  11:24  Hellion x2  
  171  11:35  Hellion x2  
  171  11:40  Terran Vehicle And Ship Armor Level 2  
  171  11:43  Viking x2  
  175  11:50  Hellion x2  
  175  11:59  Barracks x2  
  175  12:00  Barracks, Siege Tank, Refinery  
  176  12:01  Refinery  
  176  12:02  Barracks  
  176  12:11  Planetary Fortress  
  176  12:13  Viking x2, Sensor Tower  
  180  12:17  Hellion x4, Siege Tank x2  
  188  12:32  Planetary Fortress  
  184  12:40  Hellion x2  
  184  12:51  Viking x2  
  179  12:59  Barracks Tech Lab x2  
  179  13:00  Ghost Academy, Barracks Tech Lab  
  179  13:01  Barracks Tech Lab  
  179  13:03  Siege Tank  
  179  13:04  Siege Tank  
  179  13:05  Hellion  
  187  13:19  Ghost Academy  
  187  13:21  Hellion x2, Siege Tank  
  184  13:33  Ghost x3  
  139  13:36  Hellion x2, Siege Tank  
  139  13:38  Ghost  
  139  13:39  Hellion  
  123  13:48  Hellion  
  123  13:53  SCV  
  123  13:54  SCV x2  
  128  13:55  Hellion  
  128  13:58  Personal Cloaking  
  128  14:01  Ghost x3, Siege Tank  
  137  14:05  Hellion  
  137  14:08  Smart Servos  
  139  14:11  Sensor Tower  
  139  14:15  Refinery  
  139  14:18  Siege Tank x2  
  139  14:20  Hellion  
  139  14:24  Missile Turret, Hellion  
  145  14:26  Hellion  
  145  14:27  Ghost  
  151  14:34  Siege Tank  
  151  14:36  Hellion  
  156  14:48  Missile Turret  
  156  14:49  Supply Depot  
  156  14:50  Siege Tank  
  156  14:51  Siege Tank  
  156  14:52  Liberator  
  162  14:54  Hellion x2  
  162  14:57  Liberator  
  168  15:00  Hellion  
  168  15:03  Hellion, Refinery x2  
  168  15:05  Ghost  
  168  15:06  Siege Tank  
  178  15:16  Hellion  
  179  15:22  Hellion  
  179  15:23  Siege Tank  
  179  15:25  Nuke x2  
  178  15:33  Hellion, Command Center  
  178  15:35  Hellion  
  182  15:39  Ghost  
  182  15:45  Thor  
  182  15:48  Ghost  
  182  15:52  Ghost  
  182  15:56  Ghost  
  184  15:57  Hellion x7  
  184  16:01  Viking  
  184  16:04  Viking  
  184  16:10  Ghost  
  186  16:19  Hellion  
  186  16:20  Hellion x3  
  194  16:27  Starport  
  194  16:29  Starport  
  194  16:30  Thor  
  200  16:59  Orbital Command  
  188  17:12  Thor x2  
  188  17:13  Hellion x2  
  172  17:24  Hellion  
  172  17:26  Hellion x2  
  162  17:30  Ghost x3  
  162  17:34  Viking x2, Hellion x2  
  162  17:35  Viking  
  162  17:36  Viking  
  180  17:41  Ghost  
  182  17:45  Hellion  
  182  17:46  Command Center  
  182  17:47  Hellion, Thor, Orbital Command  
  192  17:52  Command Center  
  192  17:54  Thor  
  192  17:55  Hellion  
  200  18:02  Ghost Academy  
  200  18:07  Hellion, Engineering Bay  
  200  18:19  Starport Reactor, Starport Tech Lab, Command Center  
  200  18:21  Terran Ship Weapons Level 1, Terran Vehicle And Ship Armor Level 3  
  200  18:27  Refinery  
  200  18:30  Refinery  
  200  18:34  Nuke x2  
  198  18:36  Viking  
  188  18:54  Ghost x4  
  180  18:55  Thor  
  180  18:57  Hellion x3  
  180  18:58  Hellion x2  
  161  19:02  Viking  
  196  19:04  Command Center  
  196  19:06  Viking  
  200  19:11  Orbital Command  
  200  19:12  Orbital Command  
  200  19:32  Terran Infantry Weapons Level 1  
  200  19:33  Terran Infantry Armor Level 1  
  200  19:34  Command Center  
  200  19:38  Missile Turret  
  200  19:39  Missile Turret, Sensor Tower  
  200  19:45  Ghost x2  
  192  19:50  Hellion x2  
  192  19:51  Hellion  
  168  19:52  Medivac  
  183  19:55  Medivac  
  187  20:03  Thor  
  187  20:06  Medivac  
  187  20:07  Viking  
  194  20:17  Orbital Command  
  193  20:27  Thor x2  
  196  20:42  Ghost  
  196  20:43  Ghost  
  200  20:52  Terran Ship Weapons Level 2  
  200  20:53  Fusion Core  
  200  21:08  Command Center  
  200  21:17  Thor  
  197  21:32  Hellion  
  199  21:33  Liberator  
  197  21:40  Neosteel Armor, Hi-Sec Auto Tracking  
  197  21:44  Command Center  
  200  21:59  Missile Turret  
  200  22:00  Missile Turret  
  200  22:01  Nuke x3  
  200  22:02  Missile Turret  
  200  22:08  Planetary Fortress  
  200  22:13  Liberator x4, Barracks Tech Lab  
  200  22:18  Missile Turret  
  200  22:20  Missile Turret  
  187  22:30  Advanced Ballistics  
  187  22:33  Orbital Command  
  199  22:37  Terran Infantry Weapons Level 2  
  199  22:40  Missile Turret  
  199  22:49  Command Center  
  199  22:50  Orbital Command  
  199  22:58  Missile Turret  
  199  23:18  Missile Turret  
  199  23:19  Terran Ship Weapons Level 3  
  199  23:20  Terran Infantry Armor Level 2  
  199  23:27  Missile Turret  
  199  23:35  Nuke  
  199  23:44  Missile Turret  
  199  23:55  Missile Turret  
  199  23:56  Missile Turret  
  199  24:16  Ghost  
  199  24:29  Missile Turret  
  199  24:33  Liberator  
  179  24:43  Thor  
  179  24:44  Thor  
  193  24:45  Hellion  
  193  24:46  Hellion  
  193  24:48  Hellion x2  
  193  24:51  Viking  
  198  25:17  Viking  
  200  25:27  Hellion  
  197  25:50  Nuke x3  
  197  25:53  Ghost x3  
  197  25:56  Hellion  
  199  26:00  Hellion  
  197  26:11  Missile Turret  
  197  26:12  Missile Turret  
  197  26:15  Planetary Fortress  
  197  26:17  Ghost  
  196  26:38  Nuke  
  196  26:39  Terran Infantry Armor Level 3, Terran Infantry Weapons Level 3  
  196  26:43  Ghost Academy  
  196  26:51  Command Center  
  196  26:53  Command Center  
  184  27:05  Siege Tank  
  184  27:06  Hellion x2, Siege Tank  
  184  27:07  Hellion x2  
  198  27:10  Ghost  
  200  27:33  Nuke x2  
  189  27:58  Siege Tank x2  
  189  27:59  Hellion x2, Siege Tank  
  199  28:14  Starport  
  199  28:17  Starport  
  199  28:19  Starport  
  199  28:26  Missile Turret  
  197  28:27  Missile Turret  
  197  28:28  Missile Turret  
  197  28:31  Siege Tank  
  191  28:44  Hellion x2  
  191  28:46  Ghost x2  
  187  28:50  Hellion x2, Siege Tank x2  
  197  29:03  Hellion  
  199  29:23  Hellion  
  199  29:29  Orbital Command  
  199  29:30  Orbital Command  
  199  29:31  Starport Reactor, Starport Tech Lab  
  199  29:44  Hellion x2  
  194  29:46  Hellion x2  
  194  29:50  Refinery  
  194  29:51  Refinery  
  181  29:57  Ghost x2  
  181  29:58  Ghost x2  
  182  30:01  Viking x3  
  182  30:02  Refinery  
  182  30:04  Fusion Core  
  185  30:07  Refinery  
  185  30:17  Viking  
  185  30:18  Viking x2  
  191  30:26  Ghost x2  
  195  30:39  Viking x3  
  199  31:02  Nuke x4  
  199  31:05  Starport Tech Lab  
  199  31:28  Missile Turret  
  199  31:29  Missile Turret  
  199  31:30  Missile Turret  
  198  31:36  Viking x3  
  178  31:57  Ghost x2  
  124  32:02  Viking x2  
  124  32:06  Hellion x4, Thor  
  124  32:07  Thor  
  123  32:09  Viking  
  123  32:13  Viking, Hellion  
  120  32:24  Ghost  
  120  32:25  Viking  
  120  32:27  Hellion x2  
  120  32:28  Hellion  
  130  32:31  Hellion  
  130  32:34  Hellion  
  130  32:36  Viking x2  
  136  32:42  Viking  
  132  32:49  Hellion x2  
  126  32:52  Hellion x2  
  126  32:53  Viking x2  
  126  32:55  Hellion x2  
  115  32:59  Viking, Hellion  
  115  33:07  Viking  
  115  33:10  Hellion x2  
  117  33:14  Hellion  
  117  33:16  Viking  
  105  33:24  Hellion  
  105  33:25  Hellion  
Show
View Real Time Build Order
Export as new Build Order

Scarlett Zerg - Winner!

Build Orders: Hatch First, Roach Hydra 

Get SALT Encoding   

  12  0:00  Drone  
  13  0:12  Overlord  
  13  0:17  Drone  
  14  0:31  Drone x2  
  16  0:48  Hatchery  
  15  0:52  Drone  
  15  0:55  Drone  
  17  0:59  Drone  
  18  1:09  Extractor  
  17  1:14  Spawning Pool  
  17  1:18  Drone  
  17  1:21  Drone  
  18  1:28  Drone  
  19  1:39  Drone  
  20  1:51  Drone  
  21  2:01  Queen x2  
  21  2:02  Zergling x4  
  27  2:19  Hatchery  
  27  2:21  Overlord  
  26  2:24  Drone  
  26  2:27  Drone  
  28  2:35  Metabolic Boost  
  28  2:40  Drone x3  
  31  2:51  Drone  
  32  2:53  Overlord  
  32  2:57  Overlord  
  32  3:08  Drone x3  
  34  3:14  Drone x3  
  37  3:22  Overlord  
  37  3:25  Drone  
  38  3:27  Drone  
  38  3:28  Queen  
  38  3:31  Queen  
  42  3:35  Drone  
  42  3:37  Queen  
  42  3:41  Drone x2  
  47  3:44  Zergling x4  
  49  3:52  Overlord  
  49  3:54  Zergling x8  
  53  3:57  Drone  
  54  4:03  Drone  
  54  4:04  Queen  
  57  4:10  Queen  
  57  4:12  Drone x3  
  62  4:20  Overlord  
  62  4:21  Drone x2  
  62  4:23  Lair  
  64  4:27  Baneling Nest  
  64  4:29  Extractor  
  62  4:35  Drone x4  
  62  4:36  Overlord  
  62  4:38  Overlord  
  66  4:42  Drone x2  
  66  4:44  Extractor  
  67  4:47  Drone x4  
  71  4:57  Drone x6  
  77  5:00  Roach Warren  
  77  5:03  Spore Crawler, Zergling x2  
  75  5:07  Zergling x4  
  76  5:22  Drone x8  
  84  5:31  Drone x5  
  84  5:34  Overlord  
  89  5:36  Extractor  
  89  5:37  Extractor  
  89  5:40  Evolution Chamber  
  89  5:41  Evolution Chamber  
  85  5:44  Glial Reconstitution, Overlord, Extractor, Drone  
  85  5:45  Drone  
  86  5:53  Overseer  
  86  5:59  Drone x3  
  86  6:00  Hatchery  
  86  6:03  Roach x7  
  102  6:06  Roach  
  104  6:13  Overlord x2  
  104  6:14  Overlord  
  104  6:16  Overseer  
  97  6:30  Spore Crawler  
  88  6:34  Drone x11  
  98  6:43  Drone  
  98  6:44  Drone x3  
  99  6:49  Spore Crawler  
  97  6:55  Drone x3  
  100  7:01  Zerg Missile Weapons Level 1, Zerg Ground Armor Level 1  
  100  7:07  Drone x5  
  104  7:10  Infestation Pit  
  104  7:12  Roach x3  
  104  7:22  Hydralisk Den  
  104  7:24  Drone x7  
  110  7:31  Drone x2  
  112  7:41  Spore Crawler  
  109  7:50  Hive  
  109  7:54  Queen  
  109  7:56  Hydralisk x8, Muscular Augments  
  124  8:06  Spore Crawler  
  124  8:07  Drone x2  
  124  8:09  Drone x9  
  134  8:18  Overseer  
  134  8:21  Spore Crawler  
  134  8:25  Overlord x2  
  134  8:26  Overlord, Extractor  
  132  8:27  Overlord, Extractor  
  132  8:31  Overlord  
  131  8:38  Hatchery  
  130  8:43  Hydralisk x2  
  130  8:44  Hydralisk x5  
  138  8:52  Drone x4  
  140  8:56  Zerg Ground Armor Level 2, Zerg Missile Weapons Level 2  
  139  9:06  Queen  
  139  9:08  Drone x5  
  137  9:12  Grooved Spines  
  137  9:13  Drone x3  
  137  9:14  Queen  
  139  9:21  Hydralisk x4  
  147  9:26  Overlord  
  147  9:34  Viper x4  
  147  9:38  Spore Crawler  
  157  9:45  Drone x10  
  154  9:54  Drone x6  
  154  9:58  Queen  
  162  10:01  Viper x2  
  172  10:07  Roach x2  
  172  10:11  Ravager x3  
  175  10:15  Roach x4  
  175  10:19  Roach  
  175  10:20  Roach  
  187  10:26  Roach, Overlord, Spine Crawler  
  187  10:27  Spine Crawler  
  187  10:36  Roach  
  173  10:50  Roach x10  
  173  10:53  Roach  
  173  10:54  Roach x4  
  179  11:01  Roach x3  
  179  11:02  Ravager, Overlord x2  
  140  11:19  Roach x7  
  154  11:39  Hydralisk x7  
  168  11:49  Hydralisk x4  
  168  11:52  Drone  
  168  11:54  Overlord x3  
  175  11:56  Zerg Ground Armor Level 3, Zerg Missile Weapons Level 3  
  173  12:03  Drone x3  
  173  12:06  Extractor  
  173  12:07  Extractor, Spine Crawler  
  173  12:13  Roach x5  
  183  12:18  Drone  
  184  12:25  Viper x2  
  184  12:32  Drone x8  
  189  12:37  Drone x2  
  189  12:41  Spire  
  189  12:46  Hydralisk x2  
  193  13:00  Drone x7  
  193  13:01  Evolution Chamber  
  193  13:04  Evolution Chamber  
  198  13:11  Hatchery  
  174  13:32  Hydralisk x9  
  138  13:44  Queen  
  138  13:45  Drone x3  
  143  13:56  Viper x3, Greater Spire  
  143  13:59  Hydralisk x4  
  160  14:03  Spore Crawler  
  160  14:05  Spore Crawler  
  160  14:08  Drone  
  160  14:09  Drone x6  
  165  14:14  Spine Crawler  
  164  14:18  Zergling x2  
  165  14:29  Corruptor  
  165  14:30  Corruptor x5  
  177  14:34  Roach  
  179  14:47  Spine Crawler  
  179  14:48  Drone  
  179  14:50  Extractor, Drone x2  
  179  14:51  Drone  
  181  14:58  Zerg Melee Weapons Level 1  
  181  14:59  Queen  
  183  15:09  Brood Lord x6  
  183  15:11  Evolution Chamber  
  193  15:18  Zerg Flyer Weapons Level 1, Overlord x2  
  187  15:22  Drone  
  187  15:26  Drone  
  188  15:29  Corruptor x4  
  188  15:34  Spine Crawler  
  195  15:40  Spine Crawler  
  195  15:41  Spore Crawler  
  195  15:42  Spore Crawler, Spine Crawler  
  188  15:47  Drone x9  
  197  15:56  Spine Crawler  
  193  15:57  Drone x3  
  191  16:04  Pathogen Glands  
  191  16:05  Drone  
  191  16:07  Drone x2  
  194  16:13  Drone x4  
  199  16:18  Drone  
  199  16:30  Overseer x4  
  199  16:38  Overlord  
  194  17:02  Hydralisk x2  
  142  17:26  Hydralisk x10  
  144  17:33  Brood Lord x4  
  144  17:35  Queen  
  154  17:41  Corruptor x6  
  154  17:42  Hydralisk x3  
  154  17:44  Hydralisk  
  172  17:45  Drone  
  172  17:46  Drone  
  172  17:48  Drone x2  
  172  17:49  Drone  
  179  18:02  Infestor x4  
  179  18:03  Zerg Melee Weapons Level 2  
  189  18:19  Brood Lord x4  
  197  18:31  Drone x3  
  197  18:34  Drone x2  
  200  18:38  Spine Crawler  
  200  18:39  Spine Crawler  
  198  18:43  Brood Lord  
  198  18:46  Drone x2  
  196  18:58  Pneumatized Carapace  
  196  19:07  Brood Lord  
  198  19:11  Infestor  
  198  19:14  Zerg Flyer Weapons Level 2, Hatchery  
  198  19:15  Neural Parasite  
  199  19:21  Spine Crawler  
  199  19:22  Spine Crawler  
  199  19:24  Spine Crawler  
  196  19:26  Spore Crawler  
  195  19:32  Spore Crawler, Spine Crawler  
  195  19:33  Spine Crawler  
  195  19:34  Overseer x3  
  192  19:39  Overseer x2  
  186  19:59  Spore Crawler  
  185  20:03  Corruptor x7  
  199  20:11  Extractor  
  199  20:13  Extractor  
  197  20:17  Drone x3  
  200  20:29  Spore Crawler  
  200  20:31  Spore Crawler  
  200  20:32  Spore Crawler  
  200  20:33  Spore Crawler  
  200  20:34  Zerg Melee Weapons Level 3, Baneling Nest  
  200  20:35  Spore Crawler  
  194  20:36  Spore Crawler  
  194  20:38  Drone  
  194  20:39  Drone x2  
  196  21:02  Drone x2  
  196  21:04  Extractor  
  192  21:21  Extractor, Drone  
  192  21:22  Drone x4  
  192  21:23  Drone x6  
  191  21:30  Corruptor x4  
  199  21:33  Zerg Flyer Weapons Level 3  
  199  21:40  Centrifical Hooks  
  199  21:46  Overseer x2  
  199  21:57  Zergling x2  
  200  22:55  Hatchery  
  199  22:58  Hatchery  
  196  23:35  Overlord  
  196  23:36  Overlord x4  
  195  24:00  Drone x5  
  195  24:01  Drone x4  
  198  24:10  Zerg Flyer Armor Level 1  
  196  24:18  Extractor  
  196  24:21  Spine Crawler  
  196  24:22  Extractor  
  193  24:24  Spore Crawler  
  193  24:26  Spine Crawler  
  193  24:30  Drone x3  
  192  24:31  Spine Crawler  
  192  24:32  Spine Crawler  
  192  24:33  Spine Crawler  
  157  24:56  Spore Crawler  
  157  24:58  Spore Crawler  
  155  25:01  Brood Lord x3  
  155  25:02  Infestor x6  
  155  25:03  Corruptor x8  
  189  25:41  Viper x2  
  191  25:54  Hydralisk x3  
  192  26:00  Spore Crawler  
  192  26:03  Drone x10  
  199  26:21  Drone  
  199  26:22  Drone x2  
  198  26:47  Drone x2  
  196  27:04  Spine Crawler  
  196  27:05  Spine Crawler x2  
  196  27:07  Spore Crawler  
  192  27:09  Zerg Flyer Armor Level 2  
  190  27:33  Burrow  
  189  27:38  Hydralisk x5  
  194  28:36  Infestor x7  
  190  28:45  Hydralisk x5  
  198  29:08  Drone  
  181  29:31  Hatchery  
  178  29:35  Spore Crawler  
  165  29:55  Hatchery  
  164  30:02  Spore Crawler  
  164  30:03  Spine Crawler  
  154  30:16  Infestor x6  
  154  30:17  Corruptor x8  
  170  30:28  Corruptor x5  
  180  30:57  Queen  
  180  31:03  Brood Lord x3  
  188  31:04  Brood Lord x3  
  188  31:06  Corruptor x2, Brood Lord  
  200  31:12  Overseer x3  
  200  31:14  Overseer  
  172  32:04  Corruptor x8  
  178  32:08  Zergling x4  
  178  32:09  Zergling x10  
  185  32:22  Overseer  
  179  32:23  Overlord x2  
  179  32:24  Zergling x6  
  179  32:26  Queen x2  
  182  32:38  Infestor  
  182  32:39  Zergling x16  
  182  32:43  Hatchery  
  169  33:03  Baneling  
  169  33:04  Baneling x11  
  165  33:08  Zergling x10  
  162  33:15  Corruptor x3  
  162  33:16  Zergling x14  
  162  33:18  Extractor  
  169  33:21  Extractor  
  148  33:30  Zergling x2  
  148  33:33  Hatchery  
Tags
 
Add a new tag
Caveats
  • Supply blocks, unpowered buildings, or Contaminate may cause inaccurate times.
  • Supply counts are checked every 10 seconds.